 Dungeon Crawl Stone Soup version 0.31-a0-210-gccc998df9b (webtiles) character file.

Game seed: 14245077749779547868

68 Angani the Ducker (level 4, 0/33 HPs)
             Began as a Human Wanderer on June 29, 2023.
             Succumbed to Crazy Yiuf's poison
             ... on level 2 of the Dungeon.
             The game lasted 00:01:49 (1353 turns).

Angani the Ducker (Human Wanderer)                  Turns: 1353, Time: 00:01:50

Health: 0/33       AC: 12    Str:  8 (10) XL:     4   Next: 41%
Magic:  2/5        EV: 19    Int:  9 (12) God:
Gold:   101        SH:  0    Dex: 14 (17) Spells: 4/5 levels left

rFire   . . .        p - melded +1 hammer (holy)
rCold   . . .        (shield currently unavailable)
rNeg    + + +        o - melded +0 ring mail
rPois   +            (helmet currently unavailable)
rElec   .            b - melded +0 cloak
rCorr   .            (gloves currently unavailable)
SInv    .            (boots currently unavailable)
Will    .....        n - amulet of guardian spirit
Stlth   +            (no ring)
HPRegen 0.25/turn    (no ring)
MPRegen 0.09/turn

%: guardian spirit
@: lethally poisoned (0 -> -4), fungus-form, hasted, very quick
A: melee confuse, terrified, no casting, tiny
a: no special abilities


You were on level 2 of the Dungeon.
You were a sentient fungus.
You visited 1 branch of the dungeon, and saw 2 of its levels.

You collected 101 gold pieces.

Inventory:

Hand Weapons
 a - a +0 sling
 p - a +1 hammer of holy wrath (melded)
Armour
 b - a +0 cloak (melded)
 o - a +0 ring mail (melded)
Jewellery
 n - an amulet of guardian spirit (around neck)
Wands
 m - a wand of polymorph (12)
Scrolls
 c - 2 scrolls of teleportation
 e - 2 scrolls of enchant armour {unknown}
 h - a scroll of amnesia {unknown}
 i - 2 scrolls of identify {unknown}
 j - a scroll of fear {unknown}
 k - 3 scrolls of brand weapon {unknown}
 l - a scroll of torment {unknown}


   Skills:
 + Level 2.2 Fighting
 + Level 0.6 Maces & Flails
 - Level 1.0 Ranged Weapons
 - Level 2.0 Throwing
 + Level 2.2 Armour
 + Level 2.8 Dodging
 - Level 1.0 Spellcasting
 - Level 2.0 Transmutations


You had 4 spell levels left.
You knew the following spells:

 Your Spells              Type           Power      Damage    Failure   Level
a - Sting                 Tmut/Pois      8%         1d3       24%         1

Your spell library contained the following spells:

 Spells                   Type           Power      Damage    Failure   Level
 Wereblood                Tmut           4%         N/A       24%         2
 Passwall                 Tmut/Erth      1%         N/A       36%         2
 Ensorcelled Hibernation  Hex/Ice        0%         N/A       50%         2
 Swiftness                Air            0%         N/A       73%         3
 Ice Form                 Ice/Tmut       2%         N/A       94%         4
 Iskenderun's Battlesphe  Conj           0%         2d6       100%        5
 Leda's Unmaking          Conj/Erth      0%         9d1       100%        6
 Spellforged Servitor     Conj/Summ      0%         N/A       100%        7


Dungeon Overview and Level Annotations

Branches:
Dungeon (2/15)

Altars:


Message History

You are lethally poisoned!
* * * LOW HITPOINT WARNING * * *
You feel sick.
* * * LOW HITPOINT WARNING * * *
You feel sick.
Crazy Yiuf waves his quarterstaff at you.
* * * LOW HITPOINT WARNING * * *
You feel sick.
You aren't carrying any potions.
Okay, then.
Aiming: Polymorph
Press: ? - help, Shift-Dir - straight line, f - you That beam is likely to hit you.
Continue anyway?
You turn into a sentient fungus.
Your +1 hammer of holy wrath melds into your body.
Your +0 cloak melds into your body.
Your +0 ring mail melds into your body.
Your +1 hammer of holy wrath stops glowing.
* * * LOW HITPOINT WARNING * * *
You feel sick.
Unknown command.
You're too terrified to move while being watched!
You're too terrified to move while being watched!
Unknown command.
You barely miss Crazy Yiuf.
Crazy Yiuf is moderately wounded.
* * * LOW HITPOINT WARNING * * *
You feel sick. Crazy Yiuf completely misses you.
Unknown command.
You release spores at Crazy Yiuf.
Crazy Yiuf is severely wounded.
* * * LOW HITPOINT WARNING * * *
You feel sick.
Unknown command.
You release spores at Crazy Yiuf!
You kill Crazy Yiuf!
You feel your strength returning.
You have reached level 4!
You feel stronger.
Unknown command.
You die...

##)#
#.....##.#
#g##
#.....'..#
##)#
#.....#..##
#)##
#.....##...
##)##
#.....##...
#)..##
#########.> #
#....# ##.
#######
##))## #.
......#
#.f..# #.
#####.#
#....# #. ..#
#.# #...## #.
#.# #.# #.###
#. #.#
#.#########.#
#. #.#
#...........#
#. #.#
#############
## ..# ###


There were no monsters in sight!

Vanquished Creatures
  Crazy Yiuf (D:2)
  Jessica (D:2)
  A worm (D:2)
  2 endoplasms (D:2)
  A goblin (D:2)
  A quokka (D:2)
  A ball python (D:1)
  2 bats (D:2)
  A frilled lizard (D:2)
  A kobold (D:1)
  4 rats
16 creatures vanquished.

Notes
Turn   | Place    | Note
-------+----------+-------------------------------------------
     0 | D:1      | Angani the Human Wanderer began the quest for the Orb.
     0 | D:1      | Angani set off with the following items: a +0 sling, a +0
                  | cloak, a scroll of teleportation, a +0 robe; and the
                  | following spell memorised: Sting; and the following spells
                  | available to memorise: Wereblood, Ice Form.
     0 | D:1      | Reached XP level 1. HP: 15/15 MP: 2/2
   849 | D:2      | Reached XP level 2. HP: 21/21 MP: 3/3
  1038 | D:2      | Noticed Jessica
  1044 | D:2      | Killed Jessica
  1045 | D:2      | Reached XP level 3. HP: 6/27 MP: 0/4
  1329 | D:2      | Found a runed translucent door.
  1330 | D:2      | Noticed Crazy Yiuf
  1350 | D:2      | HP: 1/27 [poisoned by Crazy Yiuf]
  1352 | D:2      | Killed Crazy Yiuf
  1353 | D:2      | Reached XP level 4. HP: 1/33 MP: 2/5
  1353 | D:2      | Succumbed to Crazy Yiuf's poison

Illustrated notes

Levels and vault maps discovered:
D:1:      lightli_arrival_maybe_door_vault, layout_loops_cross
D:2:      layout_basic, uniq_crazy_yiuf_cottage, uniq_jessica

Skill      XL: |  1  2  3 |
---------------+----------+-----
Fighting       | 2 |  2.2
Armour         | 2 |  2.2
Maces & Flails | |  0.6
Ranged Weapons | |  1.0
Throwing       | |  2.0
Dodging        | |  2.8
Spellcasting   | |  1.0
Transmutations | |  2.0

Action                     |  1- 3 |  4- 6 || total
---------------------------+-------+-------++-------
  Melee: Mace              |     4 |       ||     4
         Unarmed           |     3 |       ||     3
   Fire: Sling             |    63 |       ||    63
  Evoke: Wand              |     1 |       ||     1
    Use: Potion            |     3 |       ||     3
 Armour: Robe              |     1 |       ||     1
         Ring mail         |     8 |       ||     8
  Dodge: Dodged            |    18 |       ||    18

Table legend: (Time is in decaauts)
 A = Elapsed time spent in this place.
 B = Non-inter-level travel time spent in this place.
 C = Inter-level travel time spent in this place.
 D = Time resting spent in this place.
 E = Time spent auto-exploring this place.
 F = Levels seen in this place.
 G = Mean time per level.
                   A        B        C        D        E       F      G
               +--------+--------+--------+--------+--------+-----+--------+
         Total |   1377 |   1351 |     26 |     41 |   1117 |   2 |  688.5 |
       Dungeon |   1377 |   1351 |     26 |     41 |   1117 |   2 |  688.5 |
               +--------+--------+--------+--------+--------+-----+--------+

Top non-repeatable levels by time:
     D:2: 765 daAuts
     D:1: 612 daAuts
